[ AOE2 MATCH · #506290593 ]
UnrankedMongols vs Aztecs
Player's team · WIN
Rival team · LOSS
[ REPLAY ANALYSIS · EXTRACTED FROM THE RECORDED GAME ]
Feudal
7:51
Castle
12:36
Imperial
29:13
| APM avg | 45.3 |
| APM peak | 79 |
| eAPM avg | 23.4 |
| Villagers / military | 101 / 45 |
Focus
⚔️ 18.5% · 🌾 81.5%
Steppe Lancer ×22 · Scout Cavalry ×9 · Scorpion ×5 · Battering Ram ×3 · Trebuchet (Packed) ×3 · Monk ×2
Feudal
9:54
Castle
15:47
Imperial
—
| APM avg | 44.2 |
| APM peak | 66 |
| eAPM avg | 22.0 |
| Villagers / military | 74 / 42 |
Focus
⚔️ 27.6% · 🌾 72.4%
Skirmisher ×29 · Spearman ×8 · Monk ×4 · Trade Cart ×1 · Jaguar Warrior ×1
Match map
Initial resources + every placement click. Lines = walls · curves = elevation contours. ◆ gold · ⬟ stone · ● berries · ✦ relic · ◌ wall gap
Your base· Open — unwalled flank
BB3097790's base· Open — 7t gap
Smoothed initial terrain · ◌ = detected wall gap · hover for details
Inputs per minute
— HT229 - - BB3097790
Build order — HT229
First 150 of 283 actions detected
| 0:09 | Build | Town Center |
| 0:56 | Build | House |
| 1:07 | Build | House |
| 1:26 | Queue | Villager (Male) |
| 1:27 | Queue | Villager (Male) |
| 1:27 | Queue | Villager (Male) |
| 1:27 | Queue | Villager (Male) |
| 1:45 | Build | Palisade Wall |
| 2:03 | Build | Palisade Wall |
| 2:10 | Research | Loom |
| 2:10 | Research | Loom |
| 2:16 | Build | House |
| 2:21 | Build | House |
| 2:32 | Build | Lumber Camp |
| 2:46 | Queue | Villager (Male) |
| 2:46 | Queue | Villager (Male) |
| 2:46 | Queue | Villager (Male) |
| 2:47 | Queue | Villager (Male) |
| 2:47 | Queue | Villager (Male) |
| 3:09 | Queue | Villager (Male) |
| 3:25 | Queue | Villager (Male) |
| 3:33 | Queue | Villager (Male) |
| 4:03 | Build | House |
| 4:37 | Build | Mill |
| 5:20 | Research | Feudal Age |
| 5:20 | Research | Feudal Age |
| 5:26 | Build | Mining Camp |
| 6:59 | Build | House |
| 7:31 | Build | Barracks |
| 7:33 | Queue | Villager (Male) |
| 7:33 | Queue | Villager (Male) |
| 7:51 | Age | Feudal Age |
| 8:26 | Build | Stable |
| 8:32 | Queue | Villager (Male) |
| 8:43 | Research | Double-Bit Axe |
| 8:44 | Queue | Villager (Male) |
| 9:15 | Build | Blacksmith |
| 9:24 | Queue | Villager (Male) |
| 9:28 | Queue | Scout Cavalry |
| 9:51 | Research | Castle Age |
| 11:09 | Build | House |
| 11:09 | Build | House |
| 11:20 | Queue | Scout Cavalry |
| 11:24 | Queue | Scout Cavalry |
| 11:39 | Queue | Villager (Male) |
| 12:07 | Queue | Villager (Male) |
| 12:28 | Queue | Villager (Male) |
| 12:36 | Age | Castle Age |
| 12:38 | Build | Town Center |
| 12:39 | Queue | Villager (Male) |
| 12:45 | Build | Monastery |
| 12:48 | Research | Bow Saw |
| 12:48 | Research | Bow Saw |
| 13:11 | Build | Town Center |
| 13:50 | Queue | Monk |
| 13:50 | Queue | Monk |
| 14:08 | Queue | Villager (Male) |
| 14:24 | Queue | Villager (Male) |
| 14:26 | Queue | Villager (Male) |
| 14:26 | Queue | Villager (Male) |
| 14:26 | Queue | Villager (Male) |
| 14:45 | Queue | Villager (Male) |
| 14:57 | Queue | Villager (Male) |
| 15:10 | Queue | Villager (Male) |
| 15:18 | Research | Stone Mining |
| 15:18 | Research | Stone Mining |
| 15:19 | Queue | Villager (Male) |
| 15:19 | Queue | Villager (Male) |
| 15:36 | Queue | Villager (Male) |
| 15:36 | Queue | Villager (Male) |
| 15:48 | Queue | Villager (Male) |
| 15:48 | Queue | Villager (Male) |
| 16:12 | Build | Town Center |
| 16:24 | Queue | Villager (Male) |
| 16:24 | Queue | Villager (Male) |
| 16:24 | Queue | Villager (Male) |
| 16:35 | Build | Siege Workshop |
| 16:43 | Build | Lumber Camp |
| 16:57 | Queue | Scorpion |
| 16:57 | Queue | Scorpion |
| 16:59 | Queue | Villager (Male) |
| 16:59 | Queue | Villager (Male) |
| 16:59 | Queue | Villager (Male) |
| 17:00 | Queue | Villager (Male) |
| 17:24 | Queue | Scorpion |
| 17:24 | Queue | Scorpion |
| 17:24 | Queue | Scorpion |
| 17:54 | Queue | Villager (Male) |
| 17:54 | Queue | Villager (Male) |
| 18:15 | Build | Castle |
| 18:52 | Build | House |
| 18:52 | Build | House |
| 18:53 | Build | House |
| 18:53 | Build | House |
| 19:00 | Build | Mining Camp |
| 19:01 | Queue | Battering Ram |
| 19:01 | Queue | Battering Ram |
| 19:02 | Queue | Battering Ram |
| 19:14 | Build | Lumber Camp |
| 19:16 | Queue | Villager (Male) |
| 19:17 | Queue | Villager (Male) |
| 19:17 | Queue | Villager (Male) |
| 19:17 | Queue | Villager (Male) |
| 20:14 | Research | Fletching |
| 20:35 | Build | House |
| 20:36 | Queue | Villager (Male) |
| 20:36 | Queue | Villager (Male) |
| 20:36 | Queue | Villager (Male) |
| 20:37 | Queue | Villager (Male) |
| 21:00 | Queue | Villager (Male) |
| 21:00 | Queue | Villager (Male) |
| 21:01 | Queue | Villager (Male) |
| 21:03 | Build | Market |
| 21:05 | Queue | Villager (Male) |
| 21:06 | Queue | Villager (Male) |
| 21:07 | Build | Farm |
| 21:08 | Build | Farm |
| 21:08 | Build | Farm |
| 21:08 | Build | Farm |
| 21:08 | Build | Farm |
| 21:08 | Build | Farm |
| 21:08 | Build | Farm |
| 21:09 | Build | Farm |
| 21:14 | Build | Farm |
| 21:14 | Build | Farm |
| 21:15 | Build | Farm |
| 21:15 | Build | Farm |
| 21:15 | Build | Farm |
| 21:15 | Build | Farm |
| 21:15 | Build | Farm |
| 21:35 | Queue | Villager (Male) |
| 21:35 | Queue | Villager (Male) |
| 22:22 | Build | Castle |
| 22:35 | Queue | Villager (Male) |
| 22:37 | Research | Wheelbarrow |
| 22:37 | Research | Wheelbarrow |
| 22:37 | Research | Wheelbarrow |
| 22:37 | Queue | Villager (Male) |
| 22:37 | Queue | Villager (Male) |
| 22:39 | Queue | Villager (Male) |
| 22:43 | Build | Farm |
| 22:43 | Build | Farm |
| 22:43 | Build | Farm |
| 22:44 | Build | Farm |
| 23:19 | Queue | Mangonel |
| 23:31 | Build | Mill |
| 23:36 | Research | Bodkin Arrow |
| 23:36 | Research | Bodkin Arrow |
| 23:40 | Build | Farm |
| 23:41 | Build | Farm |
Build order — BB3097790
First 150 of 194 actions detected
| 0:33 | Build | Town Center |
| 1:02 | Build | House |
| 1:06 | Build | House |
| 1:24 | Build | Palisade Wall |
| 1:25 | Build | Palisade Wall |
| 1:28 | Build | Palisade Wall |
| 1:29 | Build | Palisade Wall |
| 1:31 | Build | Palisade Wall |
| 1:53 | Queue | Villager (Male) |
| 1:53 | Queue | Villager (Male) |
| 1:53 | Queue | Villager (Male) |
| 1:53 | Queue | Villager (Male) |
| 3:04 | Build | House |
| 3:09 | Research | Loom |
| 3:29 | Queue | Villager (Male) |
| 3:29 | Queue | Villager (Male) |
| 3:42 | Queue | Villager (Male) |
| 4:17 | Queue | Villager (Male) |
| 4:21 | Build | Lumber Camp |
| 4:28 | Queue | Villager (Male) |
| 5:01 | Build | House |
| 5:03 | Queue | Villager (Male) |
| 5:29 | Queue | Villager (Male) |
| 5:34 | Build | House |
| 5:46 | Queue | Villager (Male) |
| 6:14 | Queue | Villager (Male) |
| 6:24 | Build | House |
| 6:40 | Queue | Villager (Male) |
| 6:47 | Build | Mill |
| 7:16 | Queue | Villager (Male) |
| 7:22 | Research | Feudal Age |
| 7:27 | Queue | Villager (Male) |
| 8:25 | Build | House |
| 8:44 | Build | Barracks |
| 9:16 | Queue | Villager (Male) |
| 9:54 | Age | Feudal Age |
| 9:57 | Build | Mining Camp |
| 10:00 | Build | Archery Range |
| 10:03 | Queue | Villager (Male) |
| 10:45 | Queue | Spearman |
| 10:49 | Build | House |
| 11:09 | Queue | Villager (Male) |
| 11:18 | Build | Blacksmith |
| 11:36 | Queue | Villager (Male) |
| 11:51 | Queue | Villager (Male) |
| 12:03 | Build | Market |
| 12:40 | Queue | Villager (Male) |
| 13:07 | Research | Castle Age |
| 13:11 | Queue | Spearman |
| 13:29 | Queue | Spearman |
| 14:01 | Queue | Villager (Male) |
| 14:09 | Build | House |
| 14:11 | Queue | Spearman |
| 14:21 | Build | Lumber Camp |
| 14:43 | Queue | Spearman |
| 14:59 | Queue | Skirmisher |
| 14:59 | Queue | Skirmisher |
| 15:00 | Research | Fletching |
| 15:01 | Research | Padded Archer Armor |
| 15:06 | Build | Archery Range |
| 15:08 | Queue | Spearman |
| 15:16 | Research | Double-Bit Axe |
| 15:40 | Queue | Skirmisher |
| 15:43 | Queue | Villager (Male) |
| 15:47 | Age | Castle Age |
| 15:55 | Research | Bodkin Arrow |
| 15:55 | Research | Bodkin Arrow |
| 15:56 | Queue | Skirmisher |
| 15:56 | Queue | Skirmisher |
| 16:02 | Build | House |
| 16:04 | Build | House |
| 16:17 | Queue | Villager (Male) |
| 16:21 | Build | Monastery |
| 16:28 | Build | House |
| 16:34 | Queue | Villager (Male) |
| 16:47 | Queue | Villager (Male) |
| 16:49 | Queue | Monk |
| 17:04 | Build | House |
| 17:07 | Build | House |
| 17:42 | Build | Castle |
| 17:45 | Queue | Villager (Male) |
| 17:50 | Queue | Spearman |
| 17:51 | Queue | Skirmisher |
| 17:51 | Queue | Skirmisher |
| 18:09 | Build | House |
| 18:15 | Queue | Monk |
| 18:28 | Queue | Villager (Male) |
| 18:50 | Build | Castle |
| 18:52 | Queue | Villager (Male) |
| 18:52 | Queue | Villager (Male) |
| 18:55 | Build | House |
| 19:08 | Queue | Villager (Male) |
| 19:13 | Build | Town Center |
| 19:22 | Queue | Villager (Male) |
| 19:22 | Queue | Villager (Male) |
| 19:36 | Queue | Villager (Male) |
| 19:52 | Build | Lumber Camp |
| 19:54 | Queue | Villager (Male) |
| 20:06 | Queue | Skirmisher |
| 20:07 | Queue | Skirmisher |
| 20:07 | Queue | Villager (Male) |
| 20:07 | Queue | Villager (Male) |
| 20:44 | Queue | Villager (Male) |
| 20:55 | Queue | Villager (Male) |
| 20:55 | Queue | Villager (Male) |
| 21:10 | Queue | Villager (Male) |
| 21:11 | Queue | Villager (Male) |
| 21:18 | Build | Farm |
| 21:25 | Research | Bow Saw |
| 21:27 | Queue | Villager (Male) |
| 21:32 | Build | Farm |
| 21:34 | Build | Lumber Camp |
| 21:39 | Queue | Villager (Male) |
| 21:44 | Queue | Villager (Male) |
| 21:44 | Queue | Villager (Male) |
| 21:58 | Build | Farm |
| 22:21 | Queue | Skirmisher |
| 22:27 | Build | Siege Workshop |
| 22:33 | Build | Farm |
| 22:52 | Queue | Skirmisher |
| 22:53 | Queue | Skirmisher |
| 23:27 | Build | Mining Camp |
| 23:33 | Build | Mining Camp |
| 23:35 | Build | Farm |
| 23:35 | Build | Farm |
| 23:35 | Build | Farm |
| 23:36 | Build | Farm |
| 23:36 | Build | Farm |
| 23:36 | Build | Farm |
| 23:37 | Build | Farm |
| 23:37 | Build | Farm |
| 23:37 | Build | Farm |
| 23:57 | Queue | Villager (Male) |
| 24:03 | Queue | Trade Cart |
| 24:09 | Queue | Villager (Male) |
| 24:09 | Queue | Villager (Male) |
| 24:37 | Queue | Villager (Male) |
| 24:37 | Queue | Villager (Male) |
| 24:37 | Queue | Villager (Male) |
| 24:39 | Queue | Skirmisher |
| 24:39 | Queue | Skirmisher |
| 24:40 | Build | Farm |
| 24:55 | Build | Town Center |
| 25:04 | Queue | Villager (Male) |
| 25:09 | Queue | Skirmisher |
| 25:10 | Queue | Skirmisher |
| 25:30 | Queue | Villager (Male) |
| 25:30 | Queue | Villager (Male) |
| 25:33 | Research | Wheelbarrow |
| 25:45 | Research | Elite Skirmisher (upgrade) |
Match timeline
| 1:24 | BB3097790 · wall_segment Palisade Wall x1 |
| 1:25 | BB3097790 · wall_segment Palisade Wall x1 |
| 1:28 | BB3097790 · wall_segment Palisade Wall x1 |
| 1:29 | BB3097790 · wall_segment Palisade Wall x1 |
| 1:31 | BB3097790 · wall_segment Palisade Wall x1 |
| 1:45 | HT229 · wall_segment Palisade Wall x1 |
| 2:03 | HT229 · wall_segment Palisade Wall x1 |
| 7:31 | HT229 · first_building Barracks |
| 7:51 | HT229 · age_up feudal |
| 8:26 | HT229 · first_building Stable |
| 8:44 | BB3097790 · first_building Barracks |
| 9:54 | BB3097790 · age_up feudal |
| 10:00 | BB3097790 · first_building Archery Range |
| 12:36 | HT229 · age_up castle |
| 12:45 | HT229 · first_building Monastery |
| 13:05 | BB3097790 · first_market_sell 100 food |
| 15:47 | BB3097790 · age_up castle |
| 16:21 | BB3097790 · first_building Monastery |
| 16:35 | HT229 · first_building Siege Workshop |
| 17:42 | BB3097790 · first_building Castle |
| 18:15 | HT229 · first_building Castle |
| 22:19 | HT229 · first_market_buy 100 stone |
| 22:27 | BB3097790 · first_building Siege Workshop |
| 24:01 | BB3097790 · first_market_buy 100 food |
| 26:01 | HT229 · first_market_sell 100 stone |
| 29:13 | HT229 · age_up imperial |
| 30:44 | BB3097790 · resign |
[ AI ANALYSIS · 1 CREDIT ]
What really happened in this match?
Wolo.gg analyzes every decision: build order, eco, micro, common mistakes by bracket. Personalized analysis on WhatsApp or Discord in 30 seconds.
Civ guide
Mongols
Perfil
Jugador #12293520